 Dungeon Crawl Stone Soup version 0.31-a0-1529-g7bd419a0e5 (webtiles) character file.

Game seed: 6294317156306812370

4740 voltaire321 the Covert (level 10, -13/66 HPs)
             Began as an Octopode Earth Elementalist on Dec 31, 2023.
             Was a Follower of Vehumet.
             Killed from afar by an acid dragon (14 damage)
             ... with a splash of acid
             ... on level 10 of the Dungeon.
             The game lasted 00:26:41 (10104 turns).

voltaire321 the Covert (OpEE)                      Turns: 10104, Time: 00:26:41

Health: -13/66     AC:  1    Str: 13    XL:     10   Next: 46%
Magic:  18/18      EV: 16    Int: 22    God:    Vehumet [*.....]
Gold:   597        SH:  5    Dex: 18    Spells: 9/19 levels left

rFire   + . .        m - +3 hand axe "Loxu" {flame, *Corrode rF+ Dex+5 Stlth+}
rCold   . . .        z - +0 buckler
rNeg    . . .        (helmet restricted)
rPois   .            (no amulet)
rElec   .            b - +6 ring of strength
rCorr   .            p - ring of see invisible
SInv    +            (no ring)
Will    .....        (no ring)
Stlth   ++++++       (no ring)
HPRegen 0.31/turn    (no ring)
MPRegen 0.16/turn    (no ring)
                     (no ring)

%: corrode self (3%)
@: no status effects
A: almost no armour, amphibious, 8 rings, camouflage 1, gelatinous body 1,
(nimble swimmer 1), tentacles
a: Renounce Religion


You were on level 10 of the Dungeon.
You worshipped Vehumet.
Vehumet was aware of your devotion.
You visited 2 branches of the dungeon, and saw 11 of its levels.
You also visited: Ossuary.

You collected 660 gold pieces.
You spent 63 gold pieces at shops.

Inventory:

Hand Weapons
 m - the +3 hand axe "Loxu" (weapon) {flame, *Corrode rF+ Dex+5 Stlth+}
   (You found it on level 3 of the Dungeon)

   Dex+5:     It affects your dexterity (+5).
   rF+:       It protects you from fire.
   *Corrode:  It may corrode you when you take damage.
   Stlth+:    It makes you more stealthy.
 E - a +2 vampiric trident
Missiles
 h - a curare-tipped dart
 C - 2 throwing nets
Armour
 z - a +0 buckler (worn)
Jewellery
 b - a +6 ring of strength (left tentacle)
 p - a ring of see invisible (right tentacle)
Wands
 u - a wand of paralysis (7)
 x - a wand of mindburst (14)
Scrolls
 a - 2 scrolls of butterflies
 d - 2 scrolls of noise {unknown}
 j - 2 scrolls of amnesia {unknown}
 l - 3 scrolls of teleportation {unknown}
 n - 3 scrolls of vulnerability {unknown}
 r - a scroll of enchant weapon {unknown}
 s - a scroll of silence {unknown}
 t - a scroll of blinking {unknown}
 v - 2 scrolls of revelation {unknown}
 w - a scroll of identify
 y - 2 scrolls of immolation {unknown}
 B - a scroll of fear {unknown}
Potions
 c - 2 potions of brilliance
 e - 2 potions of enlightenment
 f - a potion of mutation
 g - a potion of invisibility
 i - a potion of resistance
 k - a potion of curing
 o - 6 potions of haste
 A - a potion of magic


   Skills:
 + Level 5.4 Fighting
 + Level 5.8 Dodging
 + Level 8.2 Stealth
 + Level 3.6 Shields
 + Level 5.3 Spellcasting
 + Level 4.8 Conjurations
 + Level 3.6 Ice Magic
 * Level 7.3 Earth Magic
 - Level 2.0 Alchemy


You had 9 spell levels left.
You knew the following spells:

 Your Spells              Type           Power      Damage    Failure   Level
a - Sandblast             Erth           76%        2d16      1%          1
b - Passwall              Erth           38%        N/A       1%          3
c - Stone Arrow           Conj/Erth      64%        3d11      3%          3
d - Frozen Ramparts       Ice            44%        1d7       9%          3

Your spell library contained the following spells:

 Spells                   Type           Power      Damage    Failure   Level
 Shock                    Conj/Air       64%        1d7       4%          1
 Freeze                   Ice            88%        1d9       3%          1
 Hailstorm                Conj/Ice       24%        3d7       7%          3
 Brom's Barrelling Bould  Conj/Erth      32%        2d5       11%         4
 Mercury Vapours          Alch/Air       20%        N/A       13%         2
 Mephitic Cloud           Conj/Alch/Air  15%        N/A       16%         3
 Petrify                  Alch/Erth      26%        N/A       19%         4
 Lesser Beckoning         Tloc           10%        N/A       21%         2
 Gell's Gravitas          Tloc           5%         N/A       36%         3
 Teleport Other           Tloc           5%         N/A       36%         3
 Freezing Cloud           Conj/Ice/Air   9%         6-21      75%         5


Dungeon Overview and Level Annotations

Branches:
Dungeon (10/15)            Temple (1/1) D:6         Ossuary (visited)
   Lair: D:8-11         Orc: D:9-12

Altars:
Ashenzari
Cheibriados
Dithmenos
Elyvilon
Fedhas
Gozag
Hepliaklqana
Kikubaaqudgha
Makhleb
Nemelex Xobeh
Okawaru
Qazlal
Ru
Sif Muna
Trog
Uskayaw
Vehumet
Wu Jian
Xom
Yredelemnul
Zin
The Shining One

Shops:
D:5 [   D:7 (


Innate Abilities, Weirdness & Mutations

You cannot wear most types of armour.
You are amphibious.
You can wear up to eight rings at the same time.
Your skin changes colour to match your surroundings (Stealth+).
Your rubbery body absorbs attacks. (AC +1, EV +1)
((You are camouflaged when in or above water. (Stealth+)))
You have tentacles for arms and can constrict up to eight enemies at once.


Message History

You hit the yak. You burn the yak.
The yak is lightly wounded.
You block the yak's attack. The yak barely misses you.
You hit the yak but do no damage.
Your tentacle-slap misses the yak.
The yak is lightly wounded.
The yak closely misses you.
You hit the yak but do no damage. You squeeze the yak, but do no damage.
The yak is lightly wounded.
The yak closely misses you.
You slash the yak! You burn the yak. You squeeze the yak.
The yak is moderately wounded.
The yak gores you.
* * * LOW HITPOINT WARNING * * *
The yak gores you.
* * * LOW HITPOINT WARNING * * *
You hit the yak. You burn the yak. You squeeze the yak, but do no damage.
The yak is heavily wounded.
You block the yak's attack.
You barely miss the yak. You squeeze the yak!
The yak is severely wounded.
The yak gores you!
* * * LOW HITPOINT WARNING * * *
The acid dragon roars!
Aiming: Sandblast (safe; 1% risk of failure)
Press: ? - help, Q - select action, (/) - cycle Shift-Dir - straight line, f - yak
Aim: a yak (severely wounded, 90% to hit)
The blast of sand hits the yak but does no damage.
The yak is severely wounded.
The yak closely misses you. The yak gores you.
* * * LOW HITPOINT WARNING * * *
Aiming: Sandblast (safe; 1% risk of failure)
Press: ? - help, Q - select action, (/) - cycle Shift-Dir - straight line, f/p - yak
Aim: a yak (severely wounded, 90% to hit)
The blast of sand hits the yak!
You kill the yak!
Vehumet accepts your kill.
You feel your power returning. The acid dragon spits acid at you.
The splash of acid hits you!
You die...

###########
#.........#
#.........#
#.........#
#.........#
#.../.....#
#....D....#
#..@†.....#
#.........+
#.........#
#######+###


You could see an acid dragon (catching breath).

Vanquished Creatures
  Pikel (D:9)
  2 komodo dragons (D:9)
  A vampire (D:9)
  A yak (D:10)
  2 steam dragons
  3 water moccasins (D:9)
  4 ice beasts
  2 black bears
  An ogre (D:4)
  A centaur (D:9)
  An elf zombie (Ossuary)
  3 kobold brigands
  4 bullfrogs
  A gnoll sergeant (D:7)
  2 scorpions
  12 killer bees (D:8)
  5 bombardier beetles
  3 hounds
  2 orc priests (D:5)
  3 jellies
  A gnoll bouda (D:9)
  3 human zombies (Ossuary)
  A sleepcap (D:6)
  2 iguanas
  4 orc wizards
  7 hound zombies (Ossuary)
  2 mummies (Ossuary)
  9 adders
  6 gnolls
  4 white imps
  3 ufetubi
  8 adder zombies (Ossuary)
  A dart slug (D:4)
  A ribbon worm (D:4)
  13 orcs
  2 bats
  6 endoplasms
  A giant cockroach (D:3)
  2 gnoll zombies (Ossuary)
  11 goblins
  6 hobgoblins
  4 quokkas
  11 ball pythons
  2 frilled lizards
  4 jackal zombies (Ossuary)
  18 kobolds
  4 kobold zombies (Ossuary)
  8 orc zombies (Ossuary)
  8 rats
206 creatures vanquished.

Vanquished Creatures (others)
  An ufetubus (D:6)
1 creature vanquished.

Grand Total: 207 creatures vanquished

Notes
Turn   | Place    | Note
-------+----------+-------------------------------------------
     0 | D:1      | voltaire321 the Octopode Earth Elementalist began the quest
                  | for the Orb.
     0 | D:1      | Reached XP level 1. HP: 11/11 MP: 3/3
   330 | D:1      | Reached XP level 2. HP: 18/18 MP: 0/5
   528 | D:1      | Reached skill level 3 in Stealth
   878 | D:2      | Reached XP level 3. HP: 22/22 MP: 4/6
   973 | D:2      | Reached skill level 1 in Fighting
  1125 | D:2      | Found a burning altar of Makhleb.
  1455 | D:2      | Reached XP level 4. HP: 28/28 MP: 5/7
  1773 | D:3      | Identified the +3 hand axe "Loxu" {flame, *Corrode rF+
                  | Dex+5 Stlth+}
  2396 | D:4      | Noticed a black bear
  2427 | D:4      | Reached XP level 5. HP: 33/33 MP: 6/8
  2431 | D:4      | Learned a level 3 spell: Passwall
  2435 | D:4      | Learned a level 3 spell: Stone Arrow
  2801 | D:4      | Found a burning altar of Makhleb.
  2823 | D:4      | Found a sand-covered staircase.
  2829 | Ossuary  | Entered an ossuary
  3020 | Ossuary  | Reached skill level 4 in Stealth
  3193 | Ossuary  | Reached skill level 1 in Conjurations
  3193 | Ossuary  | Reached XP level 6. HP: 8/39 MP: 5/10
  3562 | Ossuary  | Reached XP level 7. HP: 32/45 MP: 7/11
  3688 | Ossuary  | Reached skill level 5 in Stealth
  4439 | D:5      | Entered Level 5 of the Dungeon
  4492 | D:5      | You fall into a shaft and drop 3 floors!
  4496 | D:8      | Identified the +6 great sword of Fiumid {drain, rF+ Dex+5}
  4563 | D:8      | Reached XP level 8. HP: 51/52 MP: 13/13
  4763 | D:6      | Found a blossoming altar of Fedhas.
  4944 | D:5      | Found an ancient bone altar of Kikubaaqudgha.
  5014 | D:5      | Reached skill level 6 in Stealth
  5212 | D:5      | Found a shimmering blue altar of Sif Muna.
  5260 | D:5      | Found Huoroh's Armour Boutique.
  5271 | D:5      | Bought a +0 buckler for 63 gold pieces
  5280 | D:5      | Learned a level 3 spell: Frozen Ramparts
  5758 | D:6      | Found a staircase to the Ecumenical Temple.
  5866 | Temple   | Entered the Ecumenical Temple
  5879 | Temple   | Became a worshipper of Vehumet
  5968 | D:6      | Reached skill level 5 in Earth Magic
  6138 | D:6      | Reached skill level 1 in Ice Magic
  6150 | D:6      | Reached skill level 1 in Shields
  6409 | D:6      | Found an ornate altar of the Wu Jian Council.
  6410 | D:6      | Found a broken altar of Ashenzari.
  6436 | D:6      | Reached XP level 9. HP: 58/58 MP: 15/15
  6903 | D:7      | Found Puimpej's Weapon Shop.
  7094 | D:7      | Reached skill level 7 in Stealth
  7532 | D:7      | Reached skill level 5 in Dodging
  7751 | D:8      | Reached * piety under Vehumet
  7751 | D:8      | Offered knowledge of Shock by Vehumet.
  9009 | D:8      | Reached skill level 5 in Spellcasting
  9387 | D:9      | Noticed a hornet
  9588 | D:9      | Reached skill level 5 in Fighting
  9588 | D:9      | Reached XP level 10. HP: 39/66 MP: 13/17
  9730 | D:9      | Noticed Pikel
  9749 | D:9      | Killed Pikel
  9750 | D:9      | Reached skill level 8 in Stealth
  9975 | D:9      | Noticed a two-headed ogre
 10096 | D:10     | Entered Level 10 of the Dungeon
 10102 | D:10     | HP: 2/66 [yak (14)]
 10104 | D:10     | Killed from afar by an acid dragon

Illustrated notes

Levels and vault maps discovered:
D:1:      minmay_arrival_four_houses, layout_basic
D:2:      layout_basic, basic_altar, chequers_serial_rivers_marsh
D:3:      layout_rooms, grunt_decor_cap, palyth_stone_intersect,
          hex_intersection, minmay_shallow_snake_nest
D:4:      layout_loops_cross, mainiacjoe_overflow_paths,
          nicolae_ossuary_entry_plus, nicolae_hexahallways
D:5:      layout_gridville, mainiacjoe_overflow_small_starburst, led_sif_pool,
          serial_shops, nicolae_shop_scrapyard
D:6:      layout_basic, nicolae_overflow_two_pavilions, amcnicky_altar_gilded,
          minmay_temple_entry_mist, serial_glass, glass_columns_b,
          glass_columns_a, minmay_strange_pillars, lexackson_kobold_supper
D:7:      layout_loops_ring, serial_shops, shop
D:8:      layout_gridville, serial_co_window_serial, co_window_paths_b,
          co_window_of_opportunity_a, co_window_corner_a, co_window_paths_a,
          co_window_paths_b, co_window_unsneaky_path_b,
          co_window_of_opportunity_b, co_window_of_opportunity_c,
          co_window_4corner_a, glass_columns_a, glass_columns_a
D:9:      layout_loops_ring, due_lair_maze_entry_diamond, grunt_ministairs_6,
          kennysheep_minor_cross, uniq_pikel
D:10:     layout_basic, uniq_lodul
Temple:   regret_index_temple_sphere_string

Skill      XL: |  1  2  3  4  5  6  7  8  9 10 |
---------------+-------------------------------+-----
Stealth        | 3 4 5 6 7 8 |  8.2
Fighting       | 1 2 3 4 5 |  5.4
Alchemy        | 2 |  2.0
Dodging        | 3 4 5 |  5.8
Spellcasting   | 3 4 5 |  5.3
Conjurations   | 1 2 3 4 |  4.8
Earth Magic    | 4 5 6 7 |  7.3
Ice Magic      | 1 3 |  3.6
Shields        | 1 3 |  3.6

Action                     |  1- 3 |  4- 6 |  7- 9 | 10-12 || total
---------------------------+-------+-------+-------+-------++-------
  Melee: Dagger            |     1 |    73 |     4 |       ||    78
         Constrict         |     1 |    22 |    47 |     4 ||    74
         Tentacles         |     1 |    24 |    52 |    10 ||    87
         Punch             |       |     2 |     1 |     1 ||     4
         Hand axe          |       |       |   174 |    30 ||   204
   Cast: Sandblast         |    31 |    69 |    68 |    15 ||   183
         Frozen Ramparts   |       |       |     5 |     6 ||    11
    Use: Scroll            |       |     1 |     6 |       ||     7
         Potion            |       |     1 |     5 |     1 ||     7
   Stab: Sleeping          |       |     5 |    10 |       ||    15
         Distracted        |       |       |     1 |       ||     1
 Armour: Skin              |       |    46 |   100 |    28 ||   174
  Dodge: Dodged            |     3 |    81 |   170 |    37 ||   291
  Block: Buckler           |       |       |    30 |    18 ||    48

Table legend: (Time is in decaauts)
 A = Elapsed time spent in this place.
 B = Non-inter-level travel time spent in this place.
 C = Inter-level travel time spent in this place.
 D = Time resting spent in this place.
 E = Time spent auto-exploring this place.
 F = Levels seen in this place.
 G = Mean time per level.
                   A        B        C        D        E       F      G
               +--------+--------+--------+--------+--------+-----+--------+
         Total |  10246 |   9584 |    662 |   2189 |   5133 |  12 |  853.8 |
       Dungeon |   9257 |   8607 |    650 |   1610 |   5053 |  10 |  925.7 |
        Temple |     26 |     14 |     12 |      0 |      0 |   1 |   26.0 |
       Ossuary |    962 |    962 |      0 |    579 |     80 |   1 |  962.0 |
               +--------+--------+--------+--------+--------+-----+--------+

Top non-repeatable levels by time:
     D:8: 2016 daAuts
     D:6: 1308 daAuts
     D:4: 1110 daAuts
 Ossuary: 962 daAuts
     D:2: 954 daAuts
     D:7: 932 daAuts
     D:5: 920 daAuts
     D:1: 795 daAuts
     D:3: 680 daAuts
     D:9: 528 daAuts
  Temple: 26 daAuts
    D:10: 10 daAuts
